Map: Eternal Empire LE

Players

Garitos - Winner!

  • Race: Zerg Zerg
  • League: Grandmaster
  • Spawn Location: 7:00

IIIIIIIIIIII

  • Race: Terran Terran
  • League: Master
  • Spawn Location: 1:00

VOD

Have the link to the VOD?

Description

Time

  • Played on: Sept. 16, 2020, 9:15 a.m.
  • Length: 7:49
Show
View Real Time Build Order
Export as new Build Order

Garitos Zerg - Winner!

Build Orders: Hatch First 

Get SALT Encoding   

  12  0:00  Drone  
  13  0:14  Overlord  
  13  0:18  Drone  
  14  0:32  Drone x2  
  16  0:51  Drone  
  16  0:54  Hatchery  
  17  0:57  Drone  
  17  1:02  Drone  
  18  1:16  Spawning Pool, Drone  
  18  1:26  Drone  
  19  1:42  Drone  
  19  1:43  Hatchery  
  19  2:02  Queen  
  19  2:05  Queen  
  19  2:06  Zergling x2  
  24  2:08  Zergling x2  
  24  2:13  Drone  
  26  2:17  Overlord  
  26  2:19  Drone  
  26  2:22  Drone  
  28  2:37  Drone x2  
  28  2:39  Queen  
  28  2:41  Drone x2  
  34  2:51  Overlord  
  34  2:52  Drone  
  34  2:55  Queen  
  37  2:59  Drone  
  37  3:00  Drone  
  37  3:03  Drone  
  40  3:05  Drone  
  40  3:11  Drone x3  
  44  3:14  Drone  
  44  3:17  Drone  
  46  3:21  Drone x2  
  48  3:27  Drone x2, Extractor  
  48  3:28  Extractor  
  48  3:37  Drone  
  48  3:40  Roach Warren, Evolution Chamber  
  47  3:42  Drone x2  
  47  3:43  Drone  
  50  3:49  Overlord  
  50  4:00  Queen, Extractor  
  50  4:01  Extractor  
  52  4:07  Evolution Chamber  
  51  4:14  Evolution Chamber  
  51  4:16  Drone x5  
  56  4:17  Drone x2  
  56  4:18  Lair, Overlord  
  58  4:27  Overlord  
  58  4:30  Overlord  
  58  4:36  Drone  
  58  4:37  Overlord x3  
  59  4:40  Spore Crawler  
  59  4:41  Spore Crawler  
  59  4:42  Spore Crawler  
  59  4:43  Zerg Ground Armor Level 1  
  59  4:45  Drone x2, Extractor x2  
  57  4:47  Drone  
  57  4:54  Drone x3  
  57  4:57  Drone x3  
  63  5:01  Zerg Missile Weapons Level 1  
  63  5:02  Drone x3  
  64  5:11  Drone x2  
  61  5:15  Drone x2  
  61  5:18  Drone x3  
  61  5:20  Glial Reconstitution  
  66  5:23  Drone  
  66  5:24  Drone  
  68  5:31  Drone  
  68  5:32  Drone x4  
  73  5:44  Queen  
  73  5:46  Overlord  
  73  5:48  Overlord  
  73  5:49  Overlord x2  
  75  5:51  Roach x2  
  75  5:52  Roach  
  75  5:53  Roach  
  83  5:57  Overlord  
  83  5:58  Roach  
  83  6:01  Roach  
  83  6:03  Roach, Extractor  
  83  6:04  Roach  
  90  6:07  Roach x2  
  90  6:10  Roach x2  
  98  6:12  Roach  
  98  6:14  Roach  
  98  6:16  Roach  
  98  6:18  Roach  
  106  6:19  Roach  
  106  6:20  Roach  
  106  6:24  Roach x2  
  106  6:25  Roach  
  116  6:29  Roach x2  
  116  6:30  Roach  
  116  6:32  Roach  
  124  6:35  Roach x2  
  124  6:38  Overseer  
  132  6:40  Roach x2  
  132  6:43  Roach  
  132  6:44  Roach  
  132  6:46  Ravager  
  137  6:50  Ravager  
  138  6:58  Overlord x3  
  138  7:02  Hatchery  
  138  7:03  Ravager  
  138  7:11  Roach  
  138  7:12  Roach  
  138  7:17  Roach x2  
  138  7:22  Roach  
Show
View Real Time Build Order
Export as new Build Order

IIIIIIIIIIII Terran 

Build Orders: Liberator Opening, Reaper Expand 

Get SALT Encoding   

  12  0:00  SCV  
  13  0:12  SCV  
  14  0:17  Supply Depot  
  14  0:24  SCV  
  15  0:38  SCV  
  15  0:39  Barracks  
  16  0:44  Refinery  
  16  0:50  SCV  
  17  1:03  SCV  
  18  1:15  SCV  
  19  1:27  Reaper, Orbital Command  
  20  1:40  Command Center  
  20  1:51  Supply Depot  
  20  1:52  SCV  
  21  1:58  Marine  
  22  2:06  SCV  
  23  2:14  Factory  
  23  2:19  SCV  
  23  2:21  Barracks Reactor  
  24  2:23  Refinery  
  24  2:31  SCV  
  24  2:43  SCV  
  25  2:53  Orbital Command  
  25  2:55  SCV  
  26  3:01  Starport  
  26  3:05  Hellion x2  
  30  3:08  SCV, Barracks Tech Lab  
  31  3:15  Supply Depot  
  31  3:19  SCV  
  32  3:20  SCV  
  32  3:26  Hellion x2  
  37  3:28  Marine  
  37  3:31  SCV  
  37  3:32  SCV  
  40  3:37  Liberator  
  43  3:43  SCV  
  43  3:44  SCV  
  43  3:46  Supply Depot  
  43  3:47  Stimpack  
  45  3:51  Marine  
  46  3:56  SCV x2  
  48  4:10  Command Center  
  48  4:11  Marine  
  48  4:12  SCV x2  
  51  4:20  Viking  
  53  4:24  SCV x2  
  55  4:31  Supply Depot  
  55  4:33  Marine  
  55  4:34  Barracks x2  
  56  4:40  SCV x2  
  56  4:41  Factory Reactor  
  58  4:46  Supply Depot  
  58  4:51  Marine  
  60  4:52  SCV  
  60  4:53  SCV, Starport Reactor  
  61  5:03  Engineering Bay  
  61  5:04  SCV  
  61  5:05  SCV  
  63  5:07  Engineering Bay  
  63  5:09  Marine  
  62  5:17  SCV x2  
  55  5:22  Refinery  
  55  5:26  Orbital Command  
  55  5:30  Factory Reactor  
  55  5:31  Refinery, Marine x3  
  55  5:32  Combat Shield, Marine x2  
  55  5:34  Terran Infantry Weapons Level 1, Terran Infantry Armor Level 1  
  60  5:37  SCV x2  
  62  5:42  Barracks  
  62  5:43  Barracks  
  62  5:49  SCV x2  
  64  5:52  Medivac, Orbital Command  
  64  5:55  Medivac  
  68  6:02  Marine x5  
  68  6:03  SCV x2, Supply Depot x2  
  75  6:08  Widow Mine x2  
  79  6:15  SCV x2  
  81  6:19  SCV  
  81  6:20  Marine x4  
  81  6:21  Marauder  
  88  6:27  SCV x2  
  88  6:28  Supply Depot  
  88  6:30  Supply Depot  
  92  6:35  Barracks Reactor, SCV, Barracks Tech Lab  
  92  6:36  Widow Mine x2  
  92  6:38  Medivac x2  
  92  6:39  SCV x2  
  101  6:47  Armory, Supply Depot  
  101  6:48  SCV, Supply Depot  
  101  6:51  SCV  
  103  7:00  Supply Depot  
  103  7:01  Refinery x2  
  103  7:02  SCV x2, Factory  
  103  7:04  SCV, Widow Mine x2  
  104  7:17  Marauder x2, Marine x6  
  104  7:19  SCV x3  
Tags
 
Add a new tag
Caveats
  • Supply blocks, unpowered buildings, or Contaminate may cause inaccurate times.
  • Supply counts are checked every 10 seconds.